 Dungeon Crawl Stone Soup version 0.31-a0-1202-ga8fea8b373 (webtiles) character file.

Game seed: 10095911705901368593

49546 senseless the Fighter (level 14, -6/118 HPs)
             Began as a Demonspawn Berserker on Dec 12, 2023.
             Was a High Priest of Trog.
             Killed from afar by a rime drake (17 damage)
             ... with an icy flash freeze
             ... on level 5 of the Lair of Beasts.
             The game lasted 00:47:22 (14054 turns).

senseless the Fighter (Demonspawn Berserker)       Turns: 14054, Time: 00:47:23

Health: -6/118     AC: 31    Str: 24    XL:     14   Next: 16%
Magic:  14/14      EV: 18    Int: 10    God:    Trog [*****.]
Gold:   758        SH:  9    Dex: 20    Spells: 13/13 levels left

rFire   . . .        X - +4 great mace (flame)
rCold   . . .        (shield currently unavailable)
rNeg    . . .        r - +6 scale mail "Forget-Me-Not" {rElec Str+3 Int+2}
rPois   +            (helmet unavailable)
rElec   +            g - +2 cloak
rCorr   .            h - +1 pair of gloves
SInv    +            (no boots)
Will    +....        N - amulet of reflection Stlth
                     i - +6 ring of dexterity
HPRegen 0.39/turn    y - ring of poison resistance
MPRegen 0.14/turn

%: reflection
@: no status effects
A: antennae 3, yellow scales 1, icemail 2, condensation shield, demonic magic 2
a: Renounce Religion, Berserk, Trog's Hand, Brothers in Arms


You were on level 5 of the Lair of Beasts.
You worshipped Trog.
Trog was extremely pleased with you.
You visited 2 branches of the dungeon, and saw 16 of its levels.

You collected 1254 gold pieces.
You spent 496 gold pieces at shops.

Inventory:

Hand Weapons
 O - the +10 broad axe of Skirmishing {heavy, rPois rF- Dex+4}
   (Trog gifted it to you on level 9 of the Dungeon)

   Dex+4:     It affects your dexterity (+4).
   rF-:       It makes you vulnerable to fire.
   rPois:     It protects you from poison
 U - a +2 dire flail of protection
 X - a +4 great mace of flaming (weapon)
Missiles
 m - 2 atropa-tipped darts
 n - 5 silver javelins
 q - 11 curare-tipped darts
 u - 13 javelins
 V - 5 datura-tipped darts
Armour
 g - a +2 cloak (worn)
 h - a +1 pair of gloves (worn)
 r - the +6 scale mail "Forget-Me-Not" (worn) {rElec Str+3 Int+2}
   (You bought it in a shop on level 9 of the Dungeon)

   Str+3:     It affects your strength (+3).
   Int+2:     It affects your intelligence (+2).
   rElec:     It insulates you from electricity.
 D - a +2 scale mail of cold resistance
 Y - a +0 buckler
Jewellery
 i - a +6 ring of dexterity (left hand)
 k - an amulet of faith
 y - a ring of poison resistance (right hand)
 C - a ring of positive energy
 M - a ring of protection from fire
 N - an amulet of reflection (around neck)
Wands
 w - a wand of paralysis (15)
 x - a wand of roots (13)
 I - a wand of acid (19)
 S - a wand of digging (8)
 T - a wand of polymorph (2)
 W - a wand of flame (9)
Scrolls
 a - a scroll of silence
 b - 2 scrolls of enchant weapon
 d - 2 scrolls of revelation
 f - a scroll of poison
 j - 2 scrolls of identify
 v - 11 scrolls of blinking
 K - 5 scrolls of teleportation
 L - a scroll of fog
 Q - a scroll of immolation
 R - 3 scrolls of enchant armour
 Z - a scroll of vulnerability
Potions
 c - 2 potions of haste
 e - 6 potions of heal wounds
 l - a potion of lignification
 o - 3 potions of brilliance
 s - 4 potions of attraction
 A - 3 potions of cancellation
 B - 5 potions of curing
 E - a potion of berserk rage
 G - a potion of resistance
 J - 3 potions of mutation


   Skills:
 + Level 13.0 Fighting
 + Level 12.0 Maces & Flails
 + Level 11.8 Armour
 + Level 11.8 Dodging


You had 13 spell levels left.
You didn't know any spells.
Your spell library contained the following spells:

 Spells                   Type           Power      Damage    Failure   Level
 Sting                    Tmut/Pois      0%         1d3       58%         1
 Summon Small Mammal      Summ           0%         N/A       58%         1
 Blink                    Tloc           0%         N/A       75%         2
 Cigotuvi's Dreadful Rot  Necr/Pois/Air  0%         N/A       75%         2
 Lesser Beckoning         Tloc           0%         N/A       75%         2
 Momentum Strike          Conj/Tloc      0%         3d8       75%         2
 Poisonous Vapours        Pois/Air       0%         N/A       75%         2
 Frozen Ramparts          Ice            0%         1d1       92%         3
 Gell's Gravitas          Tloc           0%         N/A       92%         3
 Ignite Poison            Fire/Tmut/Pois 0%         N/A       92%         3
 Summon Guardian Golem    Hex/Summ       0%         N/A       92%         3
 Teleport Other           Tloc           0%         N/A       92%         3
 Olgreb's Toxic Radiance  Pois           0%         N/A       100%        4
 Petrify                  Tmut/Erth      0%         N/A       100%        4
 Sticky Flame             Conj/Fire      0%         2d3       100%        4
 Freezing Cloud           Conj/Ice/Air   0%         6-21      100%        5
 Irradiate                Conj/Tmut      0%         3d11      100%        5
 Metabolic Englaciation   Hex/Ice        0%         N/A       100%        5
 Dispersal                Tloc           0%         N/A       100%        6
 Malign Gateway           Summ/Tloc      0%         N/A       100%        7
 Monstrous Menagerie      Summ           0%         N/A       100%        7
 Orb of Destruction       Conj           0%         9d5       100%        7
 Spellforged Servitor     Conj/Summ      0%         N/A       100%        7
 Ignition                 Fire           0%         3d3       100%        8


Dungeon Overview and Level Annotations

Branches:
Dungeon (11/15)            Temple (0/1) D:5            Lair (5/5) D:10
  Swamp (0/4) Lair:2        Snake (0/4) Lair:3        Slime (0/5) Lair:5
    Orc (0/2) D:9

Altars:
Ashenzari
Cheibriados
Dithmenos
Gozag
Hepliaklqana
Kikubaaqudgha
Nemelex Xobeh
Qazlal
Sif Muna
Trog
Uskayaw
Vehumet
Jiyva

Shops:
D:6 !   D:9 [

Annotations:
D:6 Jeremiah
Lair:5 2 runed translucent doors, Sirira's ghost, journeyman MiMo


Innate Abilities, Weirdness & Mutations

You have a pair of large antennae on your head. (SInv)
You are partially covered in yellow scales. (AC +2)
A meltable icy envelope protects you from harm. (AC +8)
A meltable shield of frost defends you. (SH +4)
Spells you cast may paralyse nearby enemies.


Message History

The death yak is heavily wounded.
The death yak gores you.
The death yak gores you but does no damage.
The death yak completely misses you.
You hit the death yak but do no damage.
The death yak is heavily wounded.
The death yak gores you. The death yak misses you. The death yak gores you!
You are too injured to fight recklessly!
You are too injured to fight recklessly!
You barely miss the death yak.
The death yak is heavily wounded.
The death yak gores you.
The death yak gores you but does no damage.
The death yak closely misses you.
You barely miss the death yak.
The death yak is heavily wounded.
The death yak gores you but does no damage.
The death yak barely misses you.
The death yak gores you but does no damage.
You barely miss the death yak.
The death yak is heavily wounded.
The death yak gores you! You block the death yak's attack.
The death yak barely misses you.
You hit the death yak. You burn the death yak.
The death yak is heavily wounded.
You block the death yak's attack. The death yak barely misses you. x2
You bludgeon the death yak!! You burn the death yak.
The death yak is almost dead.
The death yak gores you!!
* * * LOW HITPOINT WARNING * * *
You block the death yak's attack. The death yak misses you.
The death yak attacks as it pursues you!
You block the death yak's attack.
You see here a komodo dragon corpse.
The death yak attacks as it pursues you!
The death yak gores you!
* * * LOW HITPOINT WARNING * * *
The rime drake breathes ice at you. The icy flash freeze hits you!
You die...

..#†..# .......##..?..##..
...#..#..#......#⌠.?♣!.⌠#..
................##.....##..
.................##...##...
............##....##W##....
..P..........##....#+#.....
..####..#...#.##...h......P
.##.#..##....##.#Y.Y......#
..'.....#.......@.Y#......#
..#...##....P##....k.......
.##...###....###.#.##....#.
..#....######.P####.#....#
..#...##..J#..#####.#....P#
.....#.#>.J+..#.....P ...##
.......#...#...<..........
.......#####...........
.....................


You could see 3 death yaks, a polar bear, a rime drake (catching breath) and
Sirira's ghost.

Vanquished Creatures
  A hydra (Lair:5)
  An ogre mage (D:10)
  2 boulder beetles (D:11)
  2 two-headed ogres
  11 death yaks
  Sonja (D:10)
  Nergalle (D:10)
  Lodul (D:11)
  A skyshark (Lair:5)
  2 spriggan druids (Lair:2)
  Pikel (D:5)
  8 elephants
  5 black mambas
  A gargoyle (D:11)
  13 cane toads
  Maggie (D:10)
  2 kobold demonologists (D:9)
  9 komodo dragons
  5 rime drakes
  A troll (D:10)
  2 polar bears (Lair:4)
  2 hornets
  19 blink frogs
  Sigmund (D:2)
  A shadow (D:10)
  2 wyverns
  46 yaks
  3 basilisks
  5 steam dragons
  3 nagas (Lair:3)
  4 vampire mosquitoes (D:10)
  The ghost of snipermonke the Twirler, an amateur GrGl of the Shining One (D:3)
  2 acid dragons
  16 water moccasins
  Pargi (D:4)
  2 black bears
  2 sky beasts (D:7)
  2 orc warriors
  6 centaurs
  9 ogres (D:11)
  3 wolves (Lair:2)
  4 kobold brigands (D:9)
  2 scorpions
  9 bullfrogs
  A gnoll sergeant (D:8)
  2 jellies (D:5)
  14 wights
  39 killer bees
  10 electric eels
  A howler monkey (D:3)
  3 lava snakes (Lair:4)
  Crazy Yiuf (D:2)
  8 orc priests
  An iguana (D:7)
  4 hounds
  13 orc wizards
  Robin (D:4)
  7 gnolls
  5 adders
  A shadow imp (D:7)
  3 worms
  3 dart slugs
  54 orcs
  6 ball pythons
  3 bats
  3 endoplasms
  4 giant cockroaches
  17 goblins
  10 hobgoblins
  2 quokkas
  3 frilled lizards
  20 kobolds
  3 rats
458 creatures vanquished.

Vanquished Creatures (collateral kills)
  An elephant (D:10)
  A wyvern (D:10)
  2 basilisks (D:10)
4 creatures vanquished.

Vanquished Creatures (others)
  2 kobolds (D:9)
2 creatures vanquished.

Grand Total: 464 creatures vanquished

Notes
Turn   | Place    | Note
-------+----------+-------------------------------------------
     0 | D:1      | senseless the Demonspawn Berserker began the quest for the
                  | Orb.
     0 | D:1      | Reached XP level 1. HP: 18/18 MP: 1/1
    86 | D:1      | Gained mutation: You are partially covered in yellow
                  | scales. (AC +2) [demonic ancestry]
    86 | D:1      | Reached XP level 2. HP: 10/24 MP: 2/2
   628 | D:2      | Gained mutation: A meltable shield of frost defends you.
                  | (SH +4) [demonic ancestry]
   628 | D:2      | Reached XP level 3. HP: 29/29 MP: 3/3
   706 | D:2      | Noticed Sigmund
   720 | D:2      | Killed Sigmund
   721 | D:2      | Reached skill level 4 in Fighting
   721 | D:2      | Gained mutation: A meltable icy envelope protects you from
                  | harm. (AC +8) [demonic ancestry]
   721 | D:2      | Reached XP level 4. HP: 16/37 MP: 4/4
   721 | D:2      | Gained mutation: A meltable icy envelope protects you from
                  | harm. (AC +8) [demonic ancestry]
   721 | D:2      | Reached XP level 5. HP: 19/42 MP: 5/5
   948 | D:2      | Reached ** piety under Trog
  1308 | D:2      | Found a runed translucent door.
  1309 | D:2      | Noticed Crazy Yiuf
  1548 | D:2      | Killed Crazy Yiuf
  1659 | D:3      | Reached XP level 6. HP: 48/48 MP: 6/6
  1735 | D:3      | Found a shadowy altar of Dithmenos.
  1744 | D:3      | Found a runed translucent gate.
  1744 | D:3      | Found a runed translucent gate.
  1744 | D:3      | Found a runed translucent gate.
  1745 | D:3      | Noticed snipermonke's ghost (amateur GrGl)
  1801 | D:3      | Found a faded altar of an unknown god.
  2227 | D:3      | Killed snipermonke's ghost
  2372 | D:4      | Noticed Robin
  2381 | D:4      | Killed Robin
  2384 | D:4      | Reached *** piety under Trog
  2395 | D:4      | Gained mutation: Spells you cast may paralyse adjacent
                  | enemies. [demonic ancestry]
  2395 | D:4      | Reached XP level 7. HP: 11/55 MP: 7/7
  2727 | D:4      | Noticed Pargi
  2737 | D:4      | Killed Pargi
  2973 | D:5      | Entered Level 5 of the Dungeon
  2998 | D:5      | Reached skill level 5 in Fighting
  3084 | D:5      | Found an opulent altar of Gozag.
  3099 | D:5      | Got the Catalogue of Adjuration and Teratogeny
  3169 | D:5      | Found a staircase to the Ecumenical Temple.
  3170 | D:5      | Noticed Pikel
  3190 | D:5      | Killed Pikel
  3191 | D:5      | Reached skill level 5 in Maces & Flails
  3191 | D:5      | Gained mutation: You have a pair of small antennae on your
                  | head. [demonic ancestry]
  3191 | D:5      | Reached XP level 8. HP: 22/64 MP: 8/8
  3660 | D:5      | Reached skill level 5 in Armour
  3759 | D:5      | Found an opulent altar of Gozag.
  3764 | D:5      | Found an opulent altar of Gozag.
  3774 | D:5      | Found an opulent altar of Gozag.
  4006 | D:6      | Noticed Jeremiah
  4016 | D:6      | Reached skill level 5 in Dodging
  4081 | D:6      | Found a hide-covered altar of Uskayaw.
  4090 | D:6      | Reached skill level 6 in Fighting
  4108 | D:6      | Found Hoffoxuj's Distillery.
  4255 | D:7      | Gained mutation: You have a pair of antennae on your head.
                  | [demonic ancestry]
  4255 | D:7      | Reached XP level 9. HP: 62/71 MP: 9/9
  4319 | D:7      | Found a bloodstained altar of Trog.
  4560 | D:7      | Found an ancient bone altar of Kikubaaqudgha.
  4656 | D:7      | Found a sparkling altar of Nemelex Xobeh.
  4889 | D:7      | Found a hazy altar of Hepliaklqana.
  5096 | D:8      | Reached skill level 7 in Fighting
  5193 | D:8      | Reached **** piety under Trog
  5456 | D:8      | Found a stormy altar of Qazlal.
  5573 | D:8      | Found a shimmering blue altar of Sif Muna.
  6166 | D:9      | Gained mutation: You have a pair of large antennae on your
                  | head. (SInv) [demonic ancestry]
  6166 | D:9      | Reached XP level 10. HP: 78/80 MP: 10/10
  6182 | D:9      | Reached skill level 8 in Fighting
  6390 | D:9      | Found a staircase to the Orcish Mines.
  6424 | D:9      | Reached ***** piety under Trog
  6944 | D:9      | Found a radiant altar of Vehumet.
  6977 | D:9      | Found Omopn's Antique Armour Emporium.
  7156 | D:9      | Bought a steaming scale mail for 279 gold pieces
  7156 | D:9      | Identified the +6 scale mail "Forget-Me-Not" {rElec Str+3
                  | Int+2} (You bought it in a shop on level 9 of the Dungeon)
  7156 | D:9      | Bought a glowing scale mail for 217 gold pieces
  7275 | D:9      | Identified the +10 broad axe of Skirmishing {heavy, rPois
                  | rF- Dex+4} (Trog gifted it to you on level 9 of the
                  | Dungeon)
  7275 | D:9      | Received a gift from Trog
  7276 | D:9      | Reached skill level 9 in Fighting
  7375 | D:10     | Entered Level 10 of the Dungeon
  7409 | D:10     | Noticed Maggie
  7416 | D:10     | Killed Maggie
  7430 | D:10     | Reached XP level 11. HP: 82/89 MP: 11/11
  7500 | D:10     | Found a broken altar of Ashenzari.
  7722 | D:10     | Noticed a two-headed ogre
  7725 | D:10     | Noticed an ogre mage
  7729 | D:10     | Killed a two-headed ogre
  7735 | D:10     | Paralysed by an ogre mage for 3 turns
  7737 | D:10     | Killed an ogre mage
  8051 | D:10     | Noticed Nergalle
  8052 | D:10     | Found a staircase to the Lair.
  8079 | D:10     | Killed Nergalle
  8267 | D:10     | Found a snail-covered altar of Cheibriados.
  8477 | D:10     | Noticed Sonja
  8481 | D:10     | Killed Sonja
  8482 | D:10     | Reached skill level 10 in Fighting
  8705 | D:11     | Noticed a boulder beetle
  8744 | D:11     | Noticed a two-headed ogre
  8752 | D:11     | Killed a two-headed ogre
  8759 | D:11     | Killed a boulder beetle
  9085 | D:11     | Noticed Lodul
  9099 | D:11     | Reached XP level 12. HP: 87/98 MP: 12/12
  9102 | D:11     | Killed Lodul
  9268 | D:11     | Noticed a boulder beetle
  9284 | D:11     | Killed a boulder beetle
  9743 | Lair:1   | Entered Level 1 of the Lair of Beasts
 10099 | Lair:1   | Reached skill level 10 in Maces & Flails
 10181 | Lair:1   | Reached skill level 11 in Fighting
 10687 | Lair:2   | Reached skill level 10 in Armour
 10694 | Lair:2   | Reached skill level 10 in Dodging
 10725 | Lair:2   | Received a gift from Trog
 11011 | Lair:2   | Noticed a death yak
 11012 | Lair:2   | Noticed a death yak
 11012 | Lair:2   | Noticed a death yak
 11012 | Lair:2   | Noticed a death yak
 11013 | Lair:2   | Noticed a death yak
 11021 | Lair:2   | Killed a death yak
 11022 | Lair:2   | Killed a death yak
 11023 | Lair:2   | Killed a death yak
 11025 | Lair:2   | Killed a death yak
 11029 | Lair:2   | Killed a death yak
 11030 | Lair:2   | Reached XP level 13. HP: 106/106 MP: 13/13
 11444 | Lair:2   | Reached skill level 12 in Fighting
 11838 | Lair:2   | Found a staircase to the Swamp.
 12143 | Lair:3   | Received a gift from Trog
 12146 | Lair:3   | Found a staircase to the Snake Pit.
 13727 | Lair:5   | Entered Level 5 of the Lair of Beasts
 13741 | Lair:5   | Gained mutation: Spells you cast may paralyse nearby
                  | enemies. [demonic ancestry]
 13741 | Lair:5   | Reached XP level 14. HP: 97/116 MP: 14/14
 14011 | Lair:5   | Reached skill level 13 in Fighting
 14015 | Lair:5   | Found a runed translucent door.
 14015 | Lair:5   | Found a viscous altar of Jiyva.
 14016 | Lair:5   | Found a staircase to the Slime Pits.
 14016 | Lair:5   | Noticed an azure jelly
 14016 | Lair:5   | Noticed an azure jelly
 14024 | Lair:5   | Noticed Sirira's ghost (journeyman MiMo)
 14026 | Lair:5   | Found a runed translucent door.
 14039 | Lair:5   | Received a gift from Trog
 14054 | Lair:5   | Killed from afar by a rime drake

Illustrated notes

Levels and vault maps discovered:
D:1:      lemuel_arrival_room, layout_rooms
D:2:      layout_basic, grunt_decor_cap, uniq_sigmund, uniq_crazy_yiuf_cottage
D:3:      layout_loops_ring, general_overflow_altar, gammafunk_ghost_split,
          dreamdust_ecumenical_altar_statues
D:4:      layout_rooms, uniq_robin, uniq_pargi
D:5:      layout_basic, nicolae_gozag_conspicuous_consumption,
          minmay_temple_entry_butterflies, nicolae_hexahallways,
          minmay_misc_feat_diagonals, amethyst_killhole, uniq_pikel
D:6:      layout_loops_ring, nicolae_uskayaw_dance_hall, serial_shops, shop,
          nicolae_shop_tiny_glass, shop, kennysheep_mini_moat, uniq_jeremiah
D:7:      layout_basic, mainiacjoe_overflow_alcove_4, kiku_gazebo_garden_becter,
          mainiacjoe_overflow_chevrons, nemelex_diamond_rough_becter,
          minivault_23
D:8:      layout_gridville, grunt_qazlal_sundering,
          mainiacjoe_overflow_boulevard, kennysheep_small_spiral
D:9:      layout_loops_ring, nicolae_overflow_hidden_temple, hiddenorc2_lemuel,
          serial_shops, nicolae_diamond_shop
D:10:     layout_basic, lemuel_tele_altar, mainiacjoe_overflow_catwalk_spiral,
          david_lair_generic, minmay_microvault, uniq_sonja, uniq_maggie,
          uniq_nergalle
D:11:     layout_cave_pools, uniq_lodul
Lair:1:   layout_cave_pods, serial_bayou_pond_c, minivault_11,
          grunt_megastairs_3, lemuel_fruit_fields, lemuel_fruit_tree
Lair:2:   layout_gridlike, mainiacjoe_swamp_entry_angry_trees,
          cheibrodos_lair_reptile_den, grunt_megastairs_1
Lair:3:   wad_woods_minihive, layout_chaotic_city,
          minmay_snake_entry_guardpost_small, lemuel_fruit_fields
Lair:4:   layout_concentric_octagons, nicolae_lair_liquid_snakes,
          serial_bayou_shore_a, infiniplex_staircase_pool_2
Lair:5:   grunt_lair_end_beastmaster, layout_regular_city, slime_entry_2,
          hellmonk_ghost_happy_afterlife

Skill      XL: |  1  2  3  4  5  6  7  8  9 10 11 12 13 14 |
---------------+-------------------------------------------+-----
Armour         | 2 3 4 5 6 8 9 10 11 | 11.8
Dodging        | 2 3 4 5 6 8 9 10 11 | 11.8
Maces & Flails | 3 4 5 6 7 8 9 10 11 12 | 12.0
Fighting       | 4 5 6 7 9 10 11 12 13 | 13.0

Action                     |  1- 3 |  4- 6 |  7- 9 | 10-12 | 13-15 || total
---------------------------+-------+-------+-------+-------+-------++-------
  Melee: Mace              |    68 |       |       |       |       ||    68
         War axe           |     3 |   129 |    77 |       |       ||   209
         Punch             |       |     5 |     6 |     8 |     3 ||    22
         Club              |       |       |    89 |       |       ||    89
         Morningstar       |       |       |   139 |   211 |       ||   350
         Broad axe         |       |       |       |   226 |   209 ||   435
         Great mace        |       |       |       |       |    63 ||    63
  Throw: Dart              |     2 |       |       |       |       ||     2
 Invoke: Berserk           |       |     2 |     3 |     6 |     3 ||    14
         Trog's Hand       |       |       |       |     1 |     1 ||     2
         Brothers in Arms  |       |       |       |     1 |       ||     1
  Evoke: Wand              |       |       |     1 |       |       ||     1
    Use: Scroll            |       |       |    17 |    11 |       ||    28
         Potion            |       |       |       |     1 |       ||     1
   Stab: Sleeping          |       |       |     1 |       |       ||     1
 Armour: Animal skin       |    39 |       |       |       |       ||    39
         Ring mail         |     9 |    17 |       |       |       ||    26
         Plate armour      |       |    99 |   284 |       |       ||   383
         Acid dragon scale |       |       |    17 |    95 |       ||   112
         Scale mail        |       |       |       |   267 |   340 ||   607
  Dodge: Dodged            |    42 |    58 |   121 |   407 |   493 ||  1121
  Block: Other             |       |    23 |   109 |   178 |   149 ||   459
         Reflection        |       |       |     3 |     8 |     2 ||    13

Table legend: (Time is in decaauts)
 A = Elapsed time spent in this place.
 B = Non-inter-level travel time spent in this place.
 C = Inter-level travel time spent in this place.
 D = Time resting spent in this place.
 E = Time spent auto-exploring this place.
 F = Levels seen in this place.
 G = Mean time per level.
                   A        B        C        D        E       F      G
               +--------+--------+--------+--------+--------+-----+--------+
         Total |  14745 |  14209 |    536 |   1085 |   9957 |  16 |  921.6 |
       Dungeon |  10103 |   9686 |    417 |   1077 |   6410 |  11 |  918.5 |
          Lair |   4642 |   4523 |    119 |      8 |   3547 |   5 |  928.4 |
               +--------+--------+--------+--------+--------+-----+--------+

Top non-repeatable levels by time:
     D:9: 1524 daAuts
  Lair:2: 1425 daAuts
    D:10: 1296 daAuts
     D:8: 1124 daAuts
  Lair:3: 1059 daAuts
     D:2: 1030 daAuts
     D:5: 1020 daAuts
    D:11: 978 daAuts
  Lair:1: 970 daAuts
     D:7: 931 daAuts
     D:3: 930 daAuts
  Lair:4: 854 daAuts
     D:1: 589 daAuts
     D:4: 515 daAuts
  Lair:5: 333 daAuts
